SNL (28 & UNDER)
MONTGOMERY BISCUITS @ WICHITA WRANGLERS
05/01/2028
 
TOP OF THE 1ST
Montgomery Biscuits batting - Pitching for Wichita Wranglers : RHP Jeff Valdés
Pitching: RHP Jeff Valdés
Batting: SHB Lawrence Farley 0-0: Swinging Strike
0-1: Ball
1-1: Foul Ball, location: 2F
1-2: Ball
2-2: Strikes out swinging
Batting: LHB António Fernández 0-0: Ball
1-0: Ball
2-0: Called Strike
2-1: Ball
3-1: Base on Balls
Batting: RHB Jerry Johnston 0-0: Called Strike
0-1: Ball
1-1: Fly out, F5 (Line Drive, 56)
Batting: RHB Bob McDonald 0-0: Foul Ball, location: 2F
0-1: Ball
1-1: Ball
2-1: Foul Ball, location: 2F
2-2: Foul Ball, location: 2F
2-2: Ball
3-2: Strikes out swinging
Top of the 1st over - 0 run(s), 0 hit(s), 0 error(s), 1 left on base; Montgomery 0 - Wichita 0
BOTTOM OF THE 1ST
Wichita Wranglers batting - Pitching for Montgomery Biscuits : RHP Jim Baker
Pitching: RHP Jim Baker
Batting: RHB José López 0-0: Ground out 5-3 (Groundball, 56S)
Batting: SHB Wayne Matthews 0-0: Ball
1-0: Foul Ball, location: 2F
1-1: Ground out U3 (Groundball, 3)
Batting: SHB Juan Glaviz 0-0: DOUBLE (Groundball, 3L)
Batting: RHB Félix Gonzáles 0-0: Ball
1-0: Foul Ball, location: 2F
1-1: Ball
2-1: Ball
3-1: Swinging Strike
3-2: Ground out 6-3 (Groundball, 6S)
Bottom of the 1st over - 0 run(s), 1 hit(s), 0 error(s), 1 left on base; Montgomery 0 - Wichita 0
TOP OF THE 2ND
Montgomery Biscuits batting - Pitching for Wichita Wranglers : RHP Jeff Valdés
Batting: SHB Jack Estes 0-0: Foul Ball, location: 2F
0-1: Ball
1-1: Hit by Pitch
Batting: RHB Bryant von Bohlen 0-0: Foul Ball, location: 2F
0-1: Ball
1-1: Foul Ball, location: 2F
1-2: Foul Ball, location: 2F
1-2: Fly out, F7 (Flyball, 7)
Batting: RHB Rusty Downy 0-0: Called Strike
0-1: Ball
1-1: Ball
Passed Ball!
Jack Estes to second
2-1: Foul Ball, location: 2F
2-2: Ground out U3 (Groundball, 34)
Jack Estes to third
Batting: RHB Glen MacDonald 0-0: Called Strike
0-1: Swinging Strike
0-2: Fly out, F8 (Flyball, 8RM)
Top of the 2nd over - 0 run(s), 0 hit(s), 0 error(s), 1 left on base; Montgomery 0 - Wichita 0
BOTTOM OF THE 2ND
Wichita Wranglers batting - Pitching for Montgomery Biscuits : RHP Jim Baker
Batting: LHB Richard Hinkle 0-0: Fly out, F7 (Flyball, 7S)
Batting: RHB Oliver Todd 0-0: SOLO HOME RUN (Flyball, 89XD), Distance : 403 ft
Batting: RHB Hubert MacDonald 0-0: Called Strike
0-1: Ball
1-1: Ball
2-1: Ball
3-1: Foul Ball, location: 2F
3-2: Foul Ball, location: 2F
3-2: Strikes out looking
Batting: RHB Rusty Bennett 0-0: Called Strike
0-1: SINGLE (Groundball, 56D)
Batting: SHB Lewis Woods 0-0: Called Strike
0-1: Ball
1-1: Fielders Choice at 2nd, 4-6 (Groundball, 4)
Bottom of the 2nd over - 1 run(s), 2 hit(s), 0 error(s), 0 left on base; Montgomery 0 - Wichita 1
TOP OF THE 3RD
Montgomery Biscuits batting - Pitching for Wichita Wranglers : RHP Jeff Valdés
Batting: RHB Dave Roberts 0-0: Called Strike
0-1: Ball
1-1: Called Strike
1-2: Ground out 6-3 (Groundball, 6M)
Batting: SHB Lawrence Farley 0-0: Ball
1-0: Called Strike
1-1: Foul Ball, location: 2F
1-2: Ball
2-2: Strikes out swinging
Batting: LHB António Fernández 0-0: Called Strike
0-1: Foul Ball, location: 2F
0-2: Ball
1-2: Ball
2-2: Strikes out swinging
Top of the 3rd over - 0 run(s), 0 hit(s), 0 error(s), 0 left on base; Montgomery 0 - Wichita 1
BOTTOM OF THE 3RD
Wichita Wranglers batting - Pitching for Montgomery Biscuits : RHP Jim Baker
Batting: RHB José López 0-0: Ground out 5-3 (Groundball, 56S)
Batting: SHB Wayne Matthews 0-0: Called Strike
0-1: Ball
1-1: Ball
2-1: Swinging Strike
2-2: Hit by Pitch
Batting: SHB Juan Glaviz 0-0: Ball
1-0: Grounds into double play, 6-4-3 (Groundball, 6)
Bottom of the 3rd over - 0 run(s), 0 hit(s), 0 error(s), 0 left on base; Montgomery 0 - Wichita 1
TOP OF THE 4TH
Montgomery Biscuits batting - Pitching for Wichita Wranglers : RHP Jeff Valdés
Batting: RHB Jerry Johnston 0-0: Called Strike
0-1: Foul Ball, location: 2F
0-2: Foul Ball, location: 2F
0-2: Foul Ball, location: 2F
0-2: Foul Ball, location: 2F
0-2: Ground out 1-3 (Groundball, 13)
Batting: RHB Bob McDonald 0-0: Ball
1-0: Foul Ball, location: 2F
1-1: Ground out 6-3 (Groundball, 6)
Batting: SHB Jack Estes 0-0: Called Strike
0-1: Ball
1-1: Foul Ball, location: 2F
1-2: Ball
2-2: Ground out 5-3 (Groundball, 56)
Top of the 4th over - 0 run(s), 0 hit(s), 0 error(s), 0 left on base; Montgomery 0 - Wichita 1
BOTTOM OF THE 4TH
Wichita Wranglers batting - Pitching for Montgomery Biscuits : RHP Jim Baker
Batting: RHB Félix Gonzáles 0-0: Foul Ball, location: 2F
0-1: Ball
1-1: Swinging Strike
1-2: Strikes out swinging
Batting: LHB Richard Hinkle 0-0: Ball
1-0: Fly out, F2 (Popup, 3S)
Batting: RHB Oliver Todd 0-0: Foul Ball, location: 2F
0-1: SINGLE (Groundball, 5D)
Batting: RHB Hubert MacDonald 0-0: Called Strike
0-1: Ball
1-1: Foul Ball, location: 2F
1-2: Ball
2-2: Foul Ball, location: 2F
2-2: Ball
3-2: Foul Ball, location: 2F
3-2: SINGLE (Flyball, 89S)
Oliver Todd to second
Oliver Todd to third
Batting: RHB Rusty Bennett 0-0: Ball
1-0: Ball
2-0: Ball
3-0: Swinging Strike
3-1: Foul Ball, location: 2F
3-2: Foul Ball, location: 2F
3-2: Foul Ball, location: 2F
3-2: Strikes out looking
Bottom of the 4th over - 0 run(s), 2 hit(s), 0 error(s), 2 left on base; Montgomery 0 - Wichita 1
TOP OF THE 5TH
Montgomery Biscuits batting - Pitching for Wichita Wranglers : RHP Jeff Valdés
Batting: RHB Bryant von Bohlen 0-0: Ball
1-0: Called Strike
1-1: Ball
2-1: Swinging Strike
2-2: Strikes out swinging
Batting: RHB Rusty Downy 0-0: Foul Ball, location: 2F
0-1: Ball
1-1: Foul Ball, location: 2F
1-2: Foul Ball, location: 2F
1-2: Strikes out swinging
Batting: RHB Glen MacDonald 0-0: Swinging Strike
0-1: Ball
1-1: Swinging Strike
1-2: Strikes out swinging
Top of the 5th over - 0 run(s), 0 hit(s), 0 error(s), 0 left on base; Montgomery 0 - Wichita 1
BOTTOM OF THE 5TH
Wichita Wranglers batting - Pitching for Montgomery Biscuits : RHP Jim Baker
Batting: SHB Lewis Woods 0-0: Swinging Strike
0-1: Ball
1-1: Foul Ball, location: 2F
1-2: Foul Ball, location: 2F
1-2: Foul Ball, location: 2F
1-2: Ball
2-2: Foul Ball, location: 2F
2-2: Strikes out looking
Batting: RHB José López 0-0: Ball
1-0: Called Strike
1-1: Fly out, F6 (Line Drive, 56)
Batting: SHB Wayne Matthews 0-0: Called Strike
0-1: Ball
1-1: Swinging Strike
1-2: Strikes out swinging
Bottom of the 5th over - 0 run(s), 0 hit(s), 0 error(s), 0 left on base; Montgomery 0 - Wichita 1
TOP OF THE 6TH
Montgomery Biscuits batting - Pitching for Wichita Wranglers : RHP Jeff Valdés
Batting: RHB Dave Roberts 0-0: Fly out, F9 (Flyball, 9LS)
Batting: SHB Lawrence Farley 0-0: SINGLE (Groundball, 34D)
Batting: LHB António Fernández 0-0: Called Strike
0-1: Ball
1-1: Ball
2-1: SINGLE (Flyball, 8LS)
Lawrence Farley to second
Batting: RHB Jerry Johnston 0-0: Ball
1-0: Called Strike
1-1: Ball
2-1: Ball
Wild Pitch!
Lawrence Farley to third
António Fernández to second
3-1: Called Strike
3-2: Strikes out swinging
Batting: RHB Bob McDonald 0-0: Called Strike
0-1: Swinging Strike
0-2: Ball
1-2: Strikes out swinging
Top of the 6th over - 0 run(s), 2 hit(s), 0 error(s), 2 left on base; Montgomery 0 - Wichita 1
BOTTOM OF THE 6TH
Wichita Wranglers batting - Pitching for Montgomery Biscuits : RHP Jim Baker
Batting: SHB Juan Glaviz 0-0: Called Strike
0-1: Foul Ball, location: 2F
0-2: Ball
1-2: Ground out 6-3 (Groundball, 6D)
Batting: RHB Félix Gonzáles 0-0: Ball
1-0: Swinging Strike
1-1: Swinging Strike
1-2: Ground out 1-3 (Groundball, 13S)
Batting: LHB Richard Hinkle 0-0: Fly out, F7 (Flyball, 7LMF)
Bottom of the 6th over - 0 run(s), 0 hit(s), 0 error(s), 0 left on base; Montgomery 0 - Wichita 1
TOP OF THE 7TH
Montgomery Biscuits batting - Pitching for Wichita Wranglers : RHP Jeff Valdés
Batting: SHB Jack Estes 0-0: Ground out U3 (Groundball, 3)
Pitching: RHP Luis Pérez
Batting: RHB Bryant von Bohlen 0-0: Ball
1-0: Called Strike
1-1: SINGLE (Line Drive, 8RS)
Pinch Hitting: LHB Bob Jones 0-0: Foul Ball, location: 2F
0-1: Called Strike
0-2: Strikes out looking
Batting: RHB Glen MacDonald 0-0: Ball
1-0: Ball
2-0: Swinging Strike
2-1: Swinging Strike
2-2: Strikes out swinging
Top of the 7th over - 0 run(s), 1 hit(s), 0 error(s), 1 left on base; Montgomery 0 - Wichita 1
BOTTOM OF THE 7TH
Wichita Wranglers batting - Pitching for Montgomery Biscuits : RHP Jim Baker
Now at 2B: Roy Ayers
Batting: RHB Oliver Todd 0-0: Ball
1-0: Swinging Strike
1-1: Foul Ball, location: 2F
1-2: Ball
2-2: Foul Ball, location: 2F
2-2: Strikes out swinging
Batting: RHB Hubert MacDonald 0-0: Foul Ball, location: 2F
0-1: Foul Ball, location: 2F
0-2: Strikes out swinging
Batting: RHB Rusty Bennett 0-0: Ball
1-0: Ball
2-0: Called Strike
2-1: Swinging Strike
2-2: Foul Ball, location: 2F
2-2: Ball
3-2: Strikes out looking
Bottom of the 7th over - 0 run(s), 0 hit(s), 0 error(s), 0 left on base; Montgomery 0 - Wichita 1
TOP OF THE 8TH
Montgomery Biscuits batting - Pitching for Wichita Wranglers : RHP Luis Pérez
Now in LF: Santiago Morales
Batting: RHB Dave Roberts 0-0: DOUBLE (Groundball, 5L)
Batting: SHB Lawrence Farley 0-0: Ball
1-0: Called Strike
1-1: Ball
2-1: Foul Ball, location: 2F
2-2: Strikes out looking
Pitching: LHP Jeff Jackson
Batting: LHB António Fernández 0-0: Ball
1-0: Ball
2-0: Called Strike
2-1: Foul Ball, location: 2F
2-2: Ground out 4-3 (Groundball, 34)
Dave Roberts to third
Pitching: RHP Lester Williams
Batting: RHB Jerry Johnston 0-0: Foul Ball, location: 2F
0-1: Ball
1-1: Ground out 4-3 (Groundball, 4)
Top of the 8th over - 0 run(s), 1 hit(s), 0 error(s), 1 left on base; Montgomery 0 - Wichita 1
BOTTOM OF THE 8TH
Wichita Wranglers batting - Pitching for Montgomery Biscuits : RHP Jim Baker
Pitching: RHP Gabriel Oliuo
Batting: SHB Lewis Woods 0-0: Foul Ball, location: 2F
0-1: Ball
1-1: Ground out U3 (Groundball, 3)
Batting: RHB José López 0-0: Ball
1-0: Called Strike
1-1: Ball
2-1: Foul Ball, location: 2F
2-2: Foul Ball, location: 2F
2-2: Ground out 5-3 (Groundball, 56S)
Batting: SHB Wayne Matthews 0-0: SINGLE (Flyball, 7S)
Pinch Hitting: RHB Gabriel Erwin 0-0: Ball
1-0: Fielders Choice at 2nd, 5-4 (Groundball, 56)
Bottom of the 8th over - 0 run(s), 1 hit(s), 0 error(s), 0 left on base; Montgomery 0 - Wichita 1
TOP OF THE 9TH
Montgomery Biscuits batting - Pitching for Wichita Wranglers : RHP Lester Williams
Pitching: RHP Juan Vázquez
Now in CF: Gabriel Erwin
Pinch Hitting: SHB Wilson Bray 0-0: Ball
1-0: Ball
2-0: Ball
3-0: Called Strike
3-1: Foul Ball, location: 2F
3-2: Base on Balls
Batting: SHB Jack Estes 0-0: Called Strike
0-1: Swinging Strike
0-2: Hit by Pitch
Wilson Bray to second
Pinch Runner at 2nd Brian MacIntosh:
Batting: RHB Bryant von Bohlen 0-0: Called Strike
0-1: Ball
1-1: Sac Bunt - play at first, batter OUT! 1-3
Brian MacIntosh to third
Jack Estes to second
Batting: RHB Roy Ayers 0-0: Swinging Strike
0-1: SINGLE (Groundball, 56D)
Brian MacIntosh scores
Jack Estes to third
Runner from 3rd tries for Home, SAFE, throw made home
Roy Ayers to second
Batting: RHB Glen MacDonald 0-0: Ground out 6-3 (Groundball, 56D)
Batting: RHB Dave Roberts 0-0: Ball
Wild Pitch!
Roy Ayers to third
1-0: Called Strike
1-1: Foul Ball, location: 2F
1-2: Ball
2-2: Strikes out swinging
Top of the 9th over - 2 run(s), 1 hit(s), 0 error(s), 1 left on base; Montgomery 2 - Wichita 1
BOTTOM OF THE 9TH
Wichita Wranglers batting - Pitching for Montgomery Biscuits : RHP Gabriel Oliuo
Pitching: RHP Clancy Steele
Now in LF: Brian MacIntosh
Batting: RHB Félix Gonzáles 0-0: Ball
1-0: Called Strike
1-1: Foul Ball, location: 2F
1-2: Fly out, F9 (Flyball, 9S)
Batting: LHB Richard Hinkle 0-0: Foul Ball, location: 2F
0-1: Swinging Strike
0-2: Ball
1-2: Fly out, F8 (Flyball, 8RS)
Batting: RHB Santiago Morales 0-0: Called Strike
0-1: Foul Ball, location: 2F
0-2: Ball
1-2: Ball
2-2: Foul Ball, location: 2F
2-2: Foul Ball, location: 2F
2-2: DOUBLE (Line Drive, 7LS)
Batting: RHB Hubert MacDonald 0-0: Ball
1-0: Called Strike
1-1: Ground out 6-3 (Groundball, 6)
Bottom of the 9th over - 0 run(s), 1 hit(s), 0 error(s), 1 left on base; Montgomery 2 - Wichita 1
Tuesday, August 8th, 2017 - OOTP Baseball 17.12 Build 75